 Dungeon Sprint DCSS version 0.30-a0-777-ga9a30cbeda (webtiles) character file.

Game seed: 4089721645872069358

1503 Hubris850 the Unseen (level 8, -6/42 HPs)
             Began as a Spriggan Enchanter on Feb 13, 2023.
             Was a Follower of Uskayaw.
             Mangled by a centaur warrior (14 damage)
             ... in the Dungeon (Sprint I: "Red Sonja").
             The game lasted 00:04:30 (324 turns).

Hubris850 the Unseen (Spriggan Enchanter)            Turns: 324, Time: 00:04:30

Health: -6/42      AC:  4    Str:  4    XL:     8   Next: 52%
Magic:  18/18      EV: 19    Int: 17    God:    Uskayaw [*.....]
Gold:   525        SH:  0    Dex: 17    Spells: 18/20 levels left

rFire   . . .      SeeInvis +    a - +1 dagger
rCold   . . .      Faith    .    (no shield)
rNeg    . . .      Spirit   .    n - +0 troll leather armour
rPois   .          Reflect  .    (helmet restricted)
rElec   .          Harm     .    (no cloak)
rCorr   .          Rampage  .    (gloves unavailable)
Will    +....      NoTele   +    (boots unavailable)
Stlth   +++++++                  (no amulet)
HPRegen 1.07/turn                (no ring)
MPRegen 0.16/turn                (no ring)

@: hasted, very quick
A: very small, no large weapons, unfitting armour, see invisible, speed 3
a: Renounce Religion, Stomp


You were in the Dungeon.
You worshipped Uskayaw.
Uskayaw was noncommittal.
You visited 1 branch You collected 525 gold pieces.

Inventory:

Hand Weapons
 a - a +1 dagger (weapon)
 o - a +0 short sword of distortion
Missiles
 l - 7 boomerangs (quivered)
 m - 4 curare-tipped darts
Armour
 b - a +0 robe
 n - a +0 troll leather armour (worn)
Wands
 h - a wand of iceblast (12)
Scrolls
 i - a scroll of blinking
 k - a scroll of enchant weapon {unknown}
 p - a scroll of identify {unknown}
Potions
 c - 2 potions of invisibility
 d - a potion of curing
 g - 2 potions of magic
 j - a potion of degeneration {unknown}
 q - a potion of resistance {unknown}


   Skills:
 - Level 4.0 Fighting
 - Level 10.0 Short Blades
 - Level 7.0 Dodging
 + Level 20.6 Stealth
 - Level 6.6 Spellcasting
 - Level 7.1 Hexes


You had 18 spell levels left.
You knew the following spells:

 Your Spells              Type           Power      Damage    Failure   Level
a - Ensorcelled Hibernat  Hex/Ice        34%        N/A       8%          2

Your spell library contained the following spells:

 Spells                   Type           Power      Damage    Failure   Level
 Confusing Touch          Hex            29%        N/A       3%          3
 Tukima's Dance           Hex            29%        N/A       3%          3
 Dazzling Flash           Conj/Hex       34%        N/A       16%         3


Dungeon Overview and Level Annotations

Branches:
Dungeon (1/1)

Altars:
Cheibriados
Dithmenos
Elyvilon
Fedhas
Gozag
Hepliaklqana
Kikubaaqudgha
Nemelex Xobeh
Okawaru
Qazlal
Ru
Sif Muna
Trog
Uskayaw
Vehumet
Wu Jian
Yredelemnul
Zin
The Shining One

Shops:
D ([


Innate Abilities, Weirdness & Mutations

You are very small and have problems with some larger weapons.
You are too small for most types of armour.
You have supernaturally acute eyesight. (SInv)
You cover ground extremely quickly. (Speed+++)


Message History

The centaur warrior completely misses you.
You barely miss the centaur warrior.
The centaur warrior is lightly wounded.
You hit the centaur warrior but do no damage.
The centaur warrior is lightly wounded.
You hear a shout!
The centaur warrior hits you but does no damage.
The centaur warrior kicks you.
You hit the centaur warrior.
The centaur warrior is lightly wounded.
You barely miss the centaur warrior.
The centaur warrior is lightly wounded.
The centaur warrior hits you. The centaur warrior kicks you.
There is an open door, spattered with blood here.
You feel much better. The centaur warrior hits you!
The centaur warrior misses you.
The centaur warrior completely misses you.
The centaur warrior kicks you but does no damage.
You hit the centaur warrior but do no damage.
You punch the centaur warrior, but do no damage.
The centaur warrior is lightly wounded.
The centaur warrior closely misses you. The centaur warrior misses you.
The centaur warrior hits you.
The centaur warrior kicks you but does no damage.
You hit the centaur warrior.
The centaur warrior is lightly wounded.
You hit the centaur warrior.
The centaur warrior is lightly wounded.
The centaur warrior hits you! The centaur warrior kicks you.
The centaur warrior hits you but does no damage.
The centaur warrior closely misses you.
You hit the centaur warrior.
The centaur warrior is lightly wounded.
You hit the centaur warrior but do no damage.
The centaur warrior is lightly wounded.
The centaur warrior hits you!
* * * LOW HITPOINT WARNING * * *
The centaur warrior kicks you but does no damage.
The centaur warrior hits you!
You die...

###############
<.#.))..#.)'..#
..'..#..'..#..+
..#####'#####'# ###
..####..#...#.####?!#
..#__####..##.#§~§§.#
..#_____##'#_.+~~§§.+
⌠⌠#_.∩...'†.._#~c§§.#
###_..__##_.#'##@###
#_____###'#.#§c§)###
#########.####'###(##
+...'.§†..'.∩#
#...########## ##.##
#+#


You could see 2 centaur warriors.

Vanquished Creatures
  Sonja (D)
  A deep troll (D)
  Sigmund (D)
  A yak (D)
  An ogre (D)
  A jelly (D)
  Ijyb (D)
7 creatures vanquished.

Notes
Turn   | Place    | Note
-------+----------+-------------------------------------------
     0 | D        | Hubris850 the Spriggan Enchanter began the quest for the
                  | Orb.
     0 | D        | Reached XP level 1. HP: 9/9 MP: 5/5
     2 | D        | Noticed Ijyb
    12 | D        | Killed Ijyb
    13 | D        | Reached skill level 10 in Stealth
    13 | D        | Reached XP level 2. HP: 13/13 MP: 6/6
    55 | D        | Learned a level 2 spell: Ensorcelled Hibernation
    57 | D        | Noticed an ogre
    60 | D        | Killed an ogre
    61 | D        | Reached XP level 3. HP: 16/16 MP: 2/12
    61 | D        | Reached XP level 4. HP: 21/21 MP: 2/13
   153 | D        | Noticed Sigmund
   156 | D        | Killed Sigmund
   157 | D        | Reached skill level 15 in Stealth
   157 | D        | Reached XP level 5. HP: 24/24 MP: 15/15
   157 | D        | Reached XP level 6. HP: 28/28 MP: 16/16
   169 | D        | Found a shimmering blue altar of Sif Muna.
   170 | D        | Found an ornate altar of the Wu Jian Council.
   171 | D        | Found a radiant altar of Vehumet.
   176 | D        | Reached skill level 1 in Fighting
   207 | D        | Found Qanyinuj's Weapon Emporium.
   207 | D        | Found an ancient bone altar of Kikubaaqudgha.
   207 | D        | Found a hazy altar of Hepliaklqana.
   207 | D        | Found a stormy altar of Qazlal.
   207 | D        | Found a hide-covered altar of Uskayaw.
   207 | D        | Found a blossoming altar of Fedhas.
   207 | D        | Found a bloodstained altar of Trog.
   207 | D        | Found an iron altar of Okawaru.
   207 | D        | Found a basalt altar of Yredelemnul.
   207 | D        | Found a glowing golden altar of the Shining One.
   207 | D        | Found a snail-covered altar of Cheibriados.
   207 | D        | Found a sacrificial altar of Ru.
   207 | D        | Found a glowing silver altar of Zin.
   207 | D        | Found a shadowy altar of Dithmenos.
   207 | D        | Found a white marble altar of Elyvilon.
   207 | D        | Noticed a yak
   210 | D        | Killed a yak
   212 | D        | Found an opulent altar of Gozag.
   213 | D        | Found a sparkling altar of Nemelex Xobeh.
   216 | D        | Became a worshipper of Uskayaw the Reveller
   227 | D        | Noticed Sonja
   231 | D        | Killed Sonja
   231 | D        | Reached * piety under Uskayaw
   232 | D        | Reached skill level 10 in Short Blades
   232 | D        | Reached skill level 17 in Stealth
   232 | D        | Reached XP level 7. HP: 37/37 MP: 17/17
   244 | D        | Noticed a deep troll
   248 | D        | Killed a deep troll
   248 | D        | Reached ** piety under Uskayaw
   249 | D        | Reached skill level 20 in Stealth
   249 | D        | Reached XP level 8. HP: 42/42 MP: 18/18
   288 | D        | Found Wedujux's Armour Emporium.
   308 | D        | Noticed a centaur warrior
   308 | D        | Noticed a centaur warrior
   324 | D        | Mangled by a centaur warrior

Illustrated notes

Levels and vault maps discovered:
D:        dungeon_sprint_1 [red_sonja_temple_1, red_sonja_temple_small_1]

Skill      XL: |  1  2  3  4  5  6  7 |
---------------+----------------------+-----
Stealth        | 10 15 17 20 | 20.6
Spellcasting   | 6 |  6.6
Hexes          | 7 |  7.1
Fighting       | 4 |  4.0
Short Blades   | 10 | 10.0
Dodging        | 7 |  7.0

Action                     |  1- 3 |  4- 6 |  7- 9 || total
---------------------------+-------+-------+-------++-------
  Melee: Dagger            |     9 |     4 |    13 ||    26
         Punch             |       |       |     1 ||     1
   Cast: Ensorcelled Hiber |     1 |     1 |       ||     2
    Use: Potion            |     1 |       |     2 ||     3
   Stab: Sleeping          |     1 |     4 |     1 ||     6
 Armour: Troll leather arm |       |       |     5 ||     5
  Dodge: Dodged            |     4 |       |     7 ||    11

Table legend: (Time is in decaauts)
 A = Elapsed time spent in this place.
 B = Non-inter-level travel time spent in this place.
 C = Inter-level travel time spent in this place.
 D = Time resting spent in this place.
 E = Time spent auto-exploring this place.
 F = Levels seen in this place.
 G = Mean time per level.
                   A        B        C        D        E       F      G
               +--------+--------+--------+--------+--------+-----+--------+
         Total |    280 |    280 |      0 |    136 |      0 |   1 |  280.0 |
       Dungeon |    280 |    280 |      0 |    136 |      0 |   1 |  280.0 |
               +--------+--------+--------+--------+--------+-----+--------+

Top non-repeatable levels by time:
       D: 280 daAuts
